 Dungeon Crawl Stone Soup version 0.28.0-47-ge53b351184 (webtiles) character file.

Game seed: 13442007931848944359

30 Allula97 the Skirmisher (level 3, -9/29 HPs)
             Began as a Demonspawn Fighter on Apr 29, 2022.
             Mangled by Sigmund
             ... wielding a +0 scythe
              (17 damage)
             ... on level 2 of the Dungeon.
             The game lasted 00:03:12 (1183 turns).

Allula97 the Skirmisher (Demonspawn Fighter)        Turns: 1183, Time: 00:03:14

Health: -9/29      AC:  7    Str: 16    XL:     3   Next: 5%
Magic:  3/3        EV:  9    Int:  9    God:
Gold:   26         SH:  4    Dex: 14    Spells: 2/2 levels left

rFire   . . .      SeeInvis .   a - +0 long sword
rCold   . . .      Faith    .   c - +0 buckler
rNeg    . . .      Spirit   .   b - +0 scale mail
rPois   .          Reflect  .   (no helmet)
rElec   .          Harm     .   (no cloak)
rCorr   .          Rampage  .   g - +0 pair of gloves
Will    .....                   (no boots)
Stlth   ..........              (no amulet)
HPRegen 0.09/turn               (no ring)
MPRegen 0.08/turn               (no ring)

@: mighty
A: foul stench 2
a: no special abilities


You were on level 2 of the Dungeon.
You visited 1 branch of the dungeon, and saw 2 of its levels.

You collected 26 gold pieces.

Inventory:

Hand Weapons
 a - a +0 long sword (weapon)
Armour
 b - a +0 scale mail (worn)
 c - a +0 buckler (worn)
 g - a +0 pair of gloves (worn)
Scrolls
 f - 2 scrolls of enchant weapon {unknown}
Potions
 e - a potion of brilliance {unknown}
 h - a potion of attraction {unknown}


   Skills:
 * Level 3.2 Fighting
 * Level 2.1 Long Blades
 * Level 3.0 Armour
 * Level 0.6 Dodging
 * Level 0.5 Stealth
 * Level 2.8 Shields


You had 2 spell levels left.
You didn't know any spells.
Your spell library was empty.

Dungeon Overview and Level Annotations

Branches:
Dungeon (2/15)

Altars:

Shops:
D:1 :

Annotations:
D:2 Sigmund


Innate Abilities, Weirdness & Mutations

You sometimes emit foul miasma when damaged in melee.


Message History

You kill the kobold!
You have reached level 3!
Your experience leads to an increase in your attributes!
Increase (S)trength, (I)ntelligence, or (D)exterity?
You feel agile. x2; Your demonic ancestry asserts itself...
Your foul stench grows more powerful.
The goblin hits you but does no damage.
Things that are here:
a +0 dagger; a kobold corpse You hit the goblin.
You kill the goblin!
You see here a +0 dagger.
Save game and exit?
Okay, then.
Sorry, you're not good enough to have a special ability.
You now have 26 gold pieces (gained 6).
Sigmund and an endoplasm come into view.
Sigmund shouts!
The endoplasm quivers.
Okay, then.
The endoplasm closely misses you.
You hit the endoplasm but do no damage. The endoplasm freezes you.
You are frozen.
You slash the endoplasm!
You kill the endoplasm!
You feel very mighty all of a sudden.
Sigmund drinks a potion.
Sigmund seems to grow stronger.
Sigmund hits you with a +0 scythe!
Ouch! That really hurt!
* * * LOW HITPOINT WARNING * * *
You emit a cloud of foul miasma!
You slash Sigmund!
Sigmund is heavily wounded.
Sigmund is engulfed in dark miasma.
Sigmund is poisoned.
Sigmund seems to slow down.
Sigmund flickers, as though insubstantial.
Sigmund hits you with a +0 scythe!
Ouch! That really hurt!
You die...

#.#.#...###.# ..
#.##.#.#####.# ..# ##
#.... ..#.# ..#
#.#.###.#.### #@#
#.#.###.#..). #.#
#.#........#) #.#
#.#####.##...
#######.######.#
###.###.#
........@@.....#
#.....#.#
######.##########.###.#.#
#.# #.....# #....
#.######.###.###.#.#
#........# #.....#.#
########## ###.###.# #.#
#.# #..


You could see Sigmund (strong, poisoned, slow).

Vanquished Creatures
  An adder (D:2)
  2 ball pythons
  2 endoplasms
  2 giant cockroaches (D:1)
  3 goblins
  A hobgoblin (D:1)
  2 jackals (D:1)
  A quokka (D:1)
  2 bats (D:1)
  2 kobolds
  3 rats (D:2)
21 creatures vanquished.

Notes
Turn   | Place    | Note
-------+----------+-------------------------------------------
     0 | D:1      | Allula97 the Demonspawn Fighter began the quest for the
                  | Orb.
     0 | D:1      | Reached XP level 1. HP: 18/18 MP: 1/1
   394 | D:1      | Found Caer's Book Shoppe.
   419 | D:1      | Gained mutation: You may rarely emit foul miasma when
                  | damaged in melee. [demonic ancestry]
   419 | D:1      | Reached XP level 2. HP: 24/24 MP: 2/2
   858 | D:1      | Found a faded altar of an unknown god.
  1136 | D:2      | Gained mutation: You sometimes emit foul miasma when
                  | damaged in melee. [demonic ancestry]
  1136 | D:2      | Reached XP level 3. HP: 29/29 MP: 3/3
  1175 | D:2      | Noticed Sigmund
  1183 | D:2      | Mangled by Sigmund

Illustrated notes

Levels and vault maps discovered:
D:1:      sevenhm_arrival_forest_fort_small_6, layout_basic,
          hellmonk_ecumenical_altar_run_dry, serial_shops,
          nicolae_shop_hallway_plus
D:2:      cheibrodos_helix_gallery, layout_loops_ring, uniq_sigmund

Skill      XL: |  1  2 |
---------------+-------+-----
Long Blades    | 2 |  2.1
Armour         | 3 |  3.0
Fighting       | |  3.2
Dodging        | |  0.6
Stealth        | |  0.5
Shields        | |  2.8

Action                   || total
-------------------------++-------
Melee: Long sword        ||    67
  Use: Potion            ||     1
Armor: Scale mail        ||    37
Dodge: Dodged            ||    36
Block: Buckler           ||    11
